 Dungeon Crawl Stone Soup version 0.25-a0-161-gb7fd73da8f (webtiles) character file.

Game seed: 9287510707157327204, levelgen mode: deterministic

242 Leeroy the Slasher (level 5, -2/41 HPs)
             Began as a Draconian Skald on Nov 21, 2019.
             Was an Initiate of Okawaru.
             Slain by Grinder (7 damage)
             ... on level 4 of the Dungeon.
             The game lasted 00:05:43 (3160 turns).

Leeroy the Slasher (Draconian Skald)                Turns: 3160, Time: 00:05:44

Health: -2/41      AC:  5    Str: 13    XL:     5   Next: 81%
Magic:  4/8        EV: 12    Int: 14    God:    Okawaru [......]
Gold:   204        SH:  0    Dex: 11    Spells: 7/8 levels left

rFire    . . .     SeeInvis .   u - +0 short sword (speed)
rCold    . . .     Gourm    .   (no shield)
rNeg     . . .     Faith    .   (armour unavailable)
rPois    .         Spirit   .   (helmet restricted)
rElec    .         Reflect  .   (no cloak)
rCorr    .         Harm     .   (no gloves)
MR       .....                  (no boots)
Stlth    +.........             (no amulet)
HPRegen  0.13/turn              (no ring)
MPRegen  0.11/turn              (no ring)

@: infused, hasted, very quick
A: unfitting armour, cold-blooded, AC +5
a: Renounce Religion


You were on level 4 of the Dungeon.
You worshipped Okawaru.
Okawaru was noncommittal.
You were not hungry.

You visited 2 branches of the dungeon, and saw 5 of its levels.

You collected 204 gold pieces.

Inventory:

Hand Weapons
 a - a +0 falchion
 j - a +0 dagger
 m - a +4 whip
 t - a +1 dagger of venom
 u - a +0 short sword of speed (weapon)
 v - a +0 long sword
Missiles
 q - 44 poisoned darts (quivered)
Jewellery
 f - an uncursed ring of ice
Wands
 w - a wand of polymorph (12)
Scrolls
 b - 3 scrolls of remove curse
 i - 3 scrolls of teleportation
 l - a scroll of enchant weapon {unknown}
 n - 2 scrolls of fog {unknown}
 r - a scroll of fear {unknown}
Potions
 d - a potion of haste
 e - 2 potions of cancellation
 g - a potion of degeneration {unknown}
 h - a potion of lignification {unknown}
 k - 3 potions of flight
 o - 3 potions of curing {unknown}
 p - a potion of agility {unknown}
 s - a potion of heal wounds {unknown}
Comestibles
 c - 7 rations


   Skills:
 - Level 2.1 Fighting
 + Level 6.2 Long Blades
 - Level 2.1 Dodging
 - Level 2.0 Spellcasting
 - Level 2.6 Charms


You had 7 spell levels left.
You knew the following spells:

 Your Spells              Type           Power        Failure   Level  Hunger
a - Infusion              Chrm           #...         8%          1    ##.....

Your spell library contained the following spells:

 Spells                   Type           Power        Failure   Level  Hunger
 Song of Slaying          Chrm           #.......     12%         2    ###....
 Shroud of Golubria       Chrm/Tloc      #.....       21%         2    ###....
 Regeneration             Chrm/Necr      #.........   38%         3    ####...
 Spectral Weapon          Hex/Chrm       #.......     38%         3    ####...


Dungeon Overview and Level Annotations

Branches:
Dungeon (4/15)             Temple (1/1) D:4

Altars:
Cheibriados
Dithmenos
Elyvilon
Hepliaklqana
Kikubaaqudgha
Makhleb
Nemelex Xobeh
Okawaru
Ru
Sif Muna
Trog
Wu Jian
Xom
Yredelemnul
Zin
The Shining One

Annotations:
D:4 Grinder


Innate Abilities, Weirdness & Mutations

Your plain brown scales are hard. (AC +5)
You cannot fit into any form of body armour.
You are cold-blooded and may be slowed by cold attacks.


Message History

Confirm with . or Enter, or press ? or * to list all spells.
Okay, then.
You hit Grinder.
Grinder is severely wounded.
Grinder hits you!
* * * LOW HITPOINT WARNING * * *
You writhe in agony.
* * * LOW HITPOINT WARNING * * *
It was a potion of haste.
You feel yourself speed up. Grinder gestures at you.
Pain shoots through your body!
* * * LOW HITPOINT WARNING * * *
You hit Grinder but do no damage.
Grinder is severely wounded.
Your attacks are magically infused.
Your actions are hasted.
Your movement speed is very quick.
Your attack speed is extremely fast.
You hit Grinder.
Grinder is severely wounded.
Grinder hits you!
You die...

##..##..###.# #........####
#........#...
######################...8.
#...................#.##...
###...#...#...#...#..#..####
#..................._#......
#.#...#...#...#...#..#'###.#
#.........5@.........#.###5#
##.####################..#...
#..# #..............'...#...
#.## #.............##..###..
##.######.######.######+####..
###..#..#...######.##..##.......
#...#...........'...............
#...#....#.)....#......##..##..#
##.###..##'########....##..##..#


You could see Grinder.

Vanquished Creatures
  A scorpion (D:4)
  A bullfrog skeleton (D:4)
  3 orc wizards
  3 adders
  An ooze (D:2)
  A dart slug (D:4)
  3 leopard geckos
  2 orcs (D:3)
  4 giant cockroaches
  11 goblins
  2 hobgoblins
  A quokka (D:3)
  7 bats
  4 frilled lizards
  5 kobolds
  8 rats
57 creatures vanquished.

Notes
Turn   | Place    | Note
-------+----------+-------------------------------------------
     0 | D:1      | Leeroy the Draconian Skald began the quest for the Orb.
     0 | D:1      | Reached XP level 1. HP: 17/17 MP: 3/3
   181 | D:1      | Reached XP level 2. HP: 21/24 MP: 5/5
   254 | D:1      | Reached skill level 3 in Long Blades
   576 | D:2      | Reached XP level 3. HP: 16/29 MP: 6/6
   947 | D:2      | Reached skill level 4 in Long Blades
  1364 | D:3      | Reached XP level 4. HP: 36/36 MP: 7/7
  1450 | D:3      | Found a sacrificial altar of Ru.
  1948 | D:3      | Reached skill level 5 in Long Blades
  1963 | D:4      | Reached XP level 5. HP: 32/41 MP: 8/8
  2040 | D:4      | Noticed Grinder
  2042 | D:4      | Paralysed by Grinder for 3 turns
  2047 | D:4      | Paralysed by Grinder for 4 turns
  2490 | D:4      | Reached skill level 6 in Long Blades
  2816 | D:4      | Found a staircase to the Ecumenical Temple.
  2827 | Temple   | Entered the Ecumenical Temple
  2855 | Temple   | Became a worshipper of Warmaster Okawaru
  3120 | D:4      | Found an ornate altar of the Wu Jian Council.
  3132 | D:4      | Paralysed by Grinder for 7 turns
  3147 | D:4      | Paralysed by Grinder for 7 turns
  3160 | D:4      | Slain by Grinder

Levels and vault maps discovered:
D:1:      dpeg_arrival_rhombus, layout_rooms, minmay_misc_feat_five
D:2:      layout_rooms, nrook_uturn
D:3:      cheibrodos_helix_gallery, layout_loops_corners,
          nicolae_ru_great_annihilating_truth, first_ration
D:4:      layout_gridville, lemuel_coloured_pillars_altar,
          minmay_temple_entry_antechambers, uniq_grinder
Temple:   jpeg_temple_clearing

Skill      XL: |  1  2  3  4  5 |
---------------+----------------+-----
Long Blades    | 3 4 5 6 |  6.2
Fighting       | |  2.1
Dodging        | |  2.1
Spellcasting   | |  2.0
Charms         | |  2.6

Action                   |  1- 3 |  4- 6 || total
-------------------------+-------+-------++-------
Melee: Falchion          |   110 |    28 ||   138
       Tailslap          |     5 |    15 ||    20
       Dagger            |       |    14 ||    14
       Short sword       |       |    43 ||    43
 Cast: Infusion          |       |     3 ||     3
  Use: Scroll            |       |     6 ||     6
       Potion            |       |     1 ||     1
 Stab: Invisible         |       |     2 ||     2
       Paralysed         |       |     1 ||     1
  Eat: Chunk             |     1 |     3 ||     4
       Ration            |       |     1 ||     1
Armor: Skin              |    31 |    18 ||    49
Dodge: Dodged            |    91 |    44 ||   135
       Rpst.: Falchion   |    28 |     7 ||    35

Table legend:
 A = Non-vault XP
 B = Vault XP
 C = Vault XP percentage of total XP
 D = Non-vault monster count
 E = Vault monster count
 F = Vault count percentage of total count
                 A         B        C        D         E       F
            +---------+---------+-------+---------+---------+-------
      Total |     301 |      45 |  13.0 |      52 |       5 |   8.8
            +---------+---------+-------+---------+---------+-------
        D:1 |      23 |       0 |   0.0 |      16 |       0 |   0.0
        D:2 |      46 |       0 |   0.0 |      19 |       0 |   0.0
        D:3 |      78 |      45 |  36.6 |      12 |       5 |  29.4
        D:4 |     154 |       0 |   0.0 |       5 |       0 |   0.0
            +---------+---------+-------+---------+---------+-------
